 Dungeon Crawl Stone Soup version 0.31-a0-876-gfe8ebadbca (webtiles) character file.

Game seed: 3927567913665764697

9 Azuregosa the Sneak (level 2, -1/21 HPs)
             Began as an Octopode Delver on Oct 13, 2023.
             Killed from afar by an orc wizard (6 damage)
             ... with a magic dart
             ... on level 6 of the Dungeon.
             The game lasted 00:01:30 (103 turns).

Azuregosa the Sneak (Octopode Delver)                Turns: 103, Time: 00:01:30

Health: -1/21      AC:  1    Str: 11    XL:     2   Next: 12%
Magic:  2/2        EV: 13    Int: 12    God:
Gold:   3          SH:  0    Dex: 13    Spells: 1/1 levels left

rFire   . . .        a - +0 short sword
rCold   . . .        (no shield)
rNeg    . . .        (helmet restricted)
rPois   .            (no amulet)
rElec   .            (no ring)
rCorr   .            (no ring)
SInv    .            (no ring)
Will    .....        (no ring)
Stlth   ++++         (no ring)
HPRegen 0.23/turn    (no ring)
MPRegen 0.08/turn    (no ring)
                     (no ring)

%: no passive effects
@: no status effects
A: almost no armour, amphibious, 8 rings, camouflage 1, gelatinous body 1,
(nimble swimmer 1), tentacles
a: no special abilities


You were on level 6 of the Dungeon.
You visited 2 branches of the dungeon, and saw 4 of its levels.

You collected 3 gold pieces.

Inventory:

Hand Weapons
 a - a +0 short sword (weapon)
Wands
 f - a wand of digging (3)
Scrolls
 b - a scroll of fog
 c - a scroll of teleportation {unknown}
 d - a scroll of fear
 g - a scroll of torment {unknown}
Potions
 e - a potion of haste


   Skills:
 + Level 3.1 Fighting
 + Level 2.2 Short Blades
 + Level 2.2 Dodging
 + Level 6.7 Stealth


You had one spell level left.
You didn't know any spells.
Your spell library was empty.

Dungeon Overview and Level Annotations

Branches:
Dungeon (7/15)             Temple (1/1) D:5

Altars:
Fedhas
Gozag
Makhleb
Nemelex Xobeh
Ru
Xom
Yredelemnul
Zin


Innate Abilities, Weirdness & Mutations

You cannot wear most types of armour.
You are amphibious.
You can wear up to eight rings at the same time.
Your skin changes colour to match your surroundings (Stealth+).
Your rubbery body absorbs attacks. (AC +1, EV +1)
((You are camouflaged when in or above water. (Stealth+)))
You have tentacles for arms and can constrict up to eight enemies at once.


Message History

Found four items.
There is a stone staircase leading up here.
c - a scroll labelled CITWYUSK KOWAA You now have 3 gold pieces.
g - a scroll labelled GILANU CYHAT
There is a stone staircase leading up here.
You climb upwards.
There is a stone staircase leading down here.
An adder comes into view.
You strike the helpless adder from behind!
You puncture the adder! You grab the adder.
The adder is almost dead.
You constrict the adder. The adder closely misses you.
You hit the adder.
You kill the adder!
You have reached level 2!
An orc wizard comes into view. It is wielding a +0 dagger.
An orc and an orc wizard come into view.
The orc wizard shouts! x2
The orc wizard barely misses you.
The orc shouts!
You closely miss the orc wizard. You grab the orc wizard.
You squeeze the orc wizard.
The orc wizard is moderately wounded.
You constrict the orc wizard.
The orc wizard hits you with a +0 dagger.
You release your grip on the orc wizard.
You hit the orc. Your grab misses the orc.
The orc is almost dead.
The orc hits you with a +0 flail.
You hit the orc but do no damage. You grab the orc.
The orc is almost dead.
You constrict the orc, but do no damage.
The orc hits you with a +0 flail!
* * * LOW HITPOINT WARNING * * *
You hit the orc but do no damage. You squeeze the orc.
You kill the orc!
The orc wizard gestures at you while chanting.
The magic dart hits you.
You die...

### #.# #.# #.# #.#
#.# ### #.# #.#
#.########
#######.###.....@)o#
............######o#
#######.##### .#
#######.# o#
........# .#
...†##<.# .#
....##..# .#
....>#..######## .#
................


You could see 2 orc wizards.

Vanquished Creatures
  An adder (D:6)
  An orc (D:6)
2 creatures vanquished.

Notes
Turn   | Place    | Note
-------+----------+-------------------------------------------
     0 | D:5      | Azuregosa the Octopode Delver began the quest for the Orb.
     0 | D:5      | Reached XP level 1. HP: 16/16 MP: 1/1
     0 | D:5      | Found a staircase to the Ecumenical Temple.
     6 | Temple   | Entered the Ecumenical Temple
    72 | D:6      | Reached XP level 2. HP: 21/21 MP: 2/2
   103 | D:6      | Killed from afar by an orc wizard

Illustrated notes

Levels and vault maps discovered:
D:5:      layout_loops_ring, kennysheep_mini,
          nicolae_kikubaaqudgha_miasma_corner, nicolae_vehumet_altar_sigil,
          minmay_temple_entry_from_below_a, kennysheep_generic_room_15
D:6:      layout_basic, nicolae_uskayaw_suspiria,
          gammafunk_temple_overflow_claw, serial_shops,
          nicolae_shop_just_a_little_nook
D:7:      minmay_flawed_box, layout_rooms, kennysheep_generic_room_4
Temple:   hellmonk_temple_flake

Action                     || total
---------------------------++-------
  Melee: Short sword       ||     6
         Constrict         ||     3
         Tentacles         ||     2
    Use: Scroll            ||     1
   Stab: Distracted        ||     1
 Armour: Skin              ||     4
  Dodge: Dodged            ||     2

Table legend: (Time is in decaauts)
 A = Elapsed time spent in this place.
 B = Non-inter-level travel time spent in this place.
 C = Inter-level travel time spent in this place.
 D = Time resting spent in this place.
 E = Time spent auto-exploring this place.
 F = Levels seen in this place.
 G = Mean time per level.
                   A        B        C        D        E       F      G
               +--------+--------+--------+--------+--------+-----+--------+
         Total |    102 |    102 |      0 |      0 |      0 |   4 |   25.5 |
       Dungeon |     81 |     81 |      0 |      0 |      0 |   3 |   27.0 |
        Temple |     21 |     21 |      0 |      0 |      0 |   1 |   21.0 |
               +--------+--------+--------+--------+--------+-----+--------+

Top non-repeatable levels by time:
     D:6: 52 daAuts
  Temple: 21 daAuts
     D:7: 14 daAuts
     D:5: 13 daAuts
